 Dungeon Crawl Stone Soup version 0.31-a0-654-gbe3e110b4e (webtiles) character file.

Game seed: 6589392955715627349

92 Sanktem7 the Shield-Bearer (level 4, -5/40 HPs)
             Began as a Minotaur Fighter on Aug 29, 2023.
             Killed by divine providence
             ... invoked by an orc priest
              (13 damage)
             ... on level 3 of the Dungeon.
             The game lasted 00:02:16 (1747 turns).

Sanktem7 the Shield-Bearer (Minotaur Fighter)       Turns: 1747, Time: 00:02:17

Health: -5/40      AC:  9    Str: 22    XL:     4   Next: 35%
Magic:  3/3        EV:  8    Int:  5    God:
Gold:   141        SH:  4    Dex: 10    Spells: 3/3 levels left

rFire   + . .        a - +0 war axe {axe}
rCold   . . .        c - +0 buckler
rNeg    . . .        r - +0 chain mail
rPois   .            (helmet restricted)
rElec   .            (no cloak)
rCorr   .            (no gloves)
SInv    .            (no boots)
Will    .....        (no amulet) Stlth
                     g - ring of protection from fire
HPRegen 0.26/turn    j - ring of flight
MPRegen 0.08/turn

%: no passive effects
@: flying
A: horns 2, retaliatory headbutt
a: no special abilities


You were on level 3 of the Dungeon.
You visited 1 branch of the dungeon, and saw 3 of its levels.

You collected 141 gold pieces.


Innate Abilities, Weirdness & Mutations

You have a pair of horns on your head.
You reflexively headbutt those who attack you in melee.


   Skills:
 + Level 4.1 Fighting
 * Level 3.9 Axes
 + Level 1.1 Throwing
 + Level 4.2 Armour
 + Level 4.2 Shields


You had 3 spell levels left.
You didn't know any spells.
Your spell library contained the following spells:

 Spells                   Type           Power      Damage    Failure   Level
 Dazzling Flash           Conj/Hex       0%         N/A       100%        3
 Agony                    Necr           0%         N/A       100%        5
 Silence                  Hex/Air        0%         N/A       100%        5

Inventory:

Hand Weapons
 a - a +0 war axe (weapon) {axe}
 m - a +2 dagger of protection {short}
   (You took it off a kobold on level 1 of the Dungeon)
Missiles
 e - 31 stones {throwing}
 k - 3 throwing nets {=f!fthrowing}
Armour
 b - a +0 scale mail
 c - a +0 buckler (worn)
 r - a +0 chain mail (worn)
   (You found it on level 2 of the Dungeon)
Jewellery
 g - a ring of protection from fire (left hand)
   (You found it on level 1 of the Dungeon)
 j - a ring of flight (right hand)
   (You found it on level 2 of the Dungeon)
Scrolls
 f - 2 scrolls of amnesia {unknown}
 l - a scroll of poison {unknown}
 o - a scroll of identify {unknown}
 p - a scroll of enchant armour {unknown}
 q - a scroll of teleportation {unknown}
Potions
 d - a potion of might
 h - a potion of degeneration {unknown}
 i - a potion of berserk rage {unknown}
 n - 2 potions of brilliance {unknown}
 s - a potion of attraction {unknown}
 t - a potion of curing {unknown}

Dungeon Overview and Level Annotations

Branches:
Dungeon (3/15) Zot: 16206

Altars:

###########...
####...o..)......
.......o#########
.######.@.#
###.## #..# ##.##
#..## ##..#
#######.####.##
..............<
..#####.####.#.


You could see an orc priest and an orc.


Message History

You kill the dart slug! 😕 HP[+1]
e - 30 stones {throwing} (gained 5) Key pressed, stopping explore.
Done exploring. 😎 HP[+2]
Your hp is fully restored (40).
Done exploring.
There is a stone staircase leading down here.
You fly downwards.
There is a stone staircase leading up here.
s - a viscous brown potion A goblin comes into view.
It is wielding a +0 club.
The goblin moves out of view.
Found a stone staircase leading down.
The goblin hits you but does no damage.
You see here a smoky grey potion.
You hit the goblin. The goblin barely misses you. You furiously retaliate!
You headbutt the goblin.
You kill the goblin!
No target in view!
No target in view!
No target in view!
No target in view!
No target in view!
t - a smoky grey potion
Things that are here:
a +0 club {mace}; a goblin corpse You now have 133 gold pieces (gained 11).
You now have 141 gold pieces (gained 8).
e - 31 stones {throwing} (gained 1)
Found a stone staircase leading up.
An adder comes into view.
The adder hisses angrily.
An adder is nearby!
You closely miss the adder. The adder bites you but does no damage.
You miss the adder. The adder barely misses you. You furiously retaliate!
You headbutt the adder. The adder bites you but does no damage.
You barely miss the adder. The adder closely misses you.
You block the adder's attack.
You miss the adder. You block the adder's attack. The adder bites you. 😕 HP[-1]
You take 1 damage, and now have 39/40 hp.
You closely miss the adder. Your headbutt misses the adder.
The adder bites you but does no damage. 😎 HP[+1]
Your hp is fully restored (40).
You barely miss the adder. The adder barely misses you.
You furiously retaliate!
You headbutt the adder. The adder closely misses you. You furiously retaliate!
You headbutt the adder.
You kill the adder!
No target in view!
No target in view!
No target in view!
No target in view!
An orc comes into view. It is wielding a +0 club.
The orc shouts!
You hear a shout! x2
An orc comes into view. It is wielding a +0 dagger.
There are monsters nearby!
There are monsters nearby!
An orc priest comes into view. It is wielding a +0 dagger.
The orc hits you but does no damage.
You hit the orc but do no damage. The orc hits you but does no damage.
The orc priest mumbles some strange prayers to Beogh against you.
Beogh smites you! 😮 HP[-11]
You take 11 damage, and now have 29/40 hp.
MASSIVE DAMAGE!! (PAUSE)
You slash the orc!
You kill the orc!
The orc priest calls down the wrath of Beogh upon you.
Beogh smites you!
* * * LOW HITPOINT WARNING * * *
You block the orc's attack. 😨 HP[-11]
You take 11 damage, and now have 18/40 hp.
MASSIVE DAMAGE!! (PAUSE)
You barely miss the orc.
The orc hits you but does no damage. 😨 HP[+1]
You hit the orc. The orc closely misses you.
An orc comes into view. It is wielding a +0 mace.
You hit the orc but do no damage. The orc barely misses you.
The orc hits you with a +0 dagger.
* * * LOW HITPOINT WARNING * * *
The orc priest calls upon Beogh to heal the orc.
The orc's wounds heal themselves!
You barely miss the orc. The orc closely misses you. You furiously retaliate!
You headbutt the orc. You slash the orc!
You kill the orc!
The orc priest invokes the aid of Beogh against you.
Beogh smites you!
* * * LOW HITPOINT WARNING * * *
😱 HP[-13]
You take 13 damage, and now have 6/40 hp.
MASSIVE DAMAGE!! (PAUSE) 😱 HP[+1]
The orc priest looks satisfied for a moment.
The orc priest mumbles some strange prayers to Beogh against you.
Beogh smites you!
You die...

Skill      XL: |  1  2  3 |
---------------+----------+-----
Axes           | 3 |  3.9
Shields        | 4 |  4.2
Armour         | 4 |  4.2
Fighting       | 4 |  4.1
Throwing       | 1 |  1.1

Action                     |  1- 3 |  4- 6 || total
---------------------------+-------+-------++-------
  Melee: War axe           |   100 |    16 ||   116
         Headbutt          |     9 |       ||     9
 Armour: Scale mail        |    55 |       ||    55
         Chain mail        |     5 |     7 ||    12
  Dodge: Dodged            |    48 |     9 ||    57
  Block: Buckler           |    25 |     4 ||    29

Levels and vault maps discovered:
D:1:      psy_arrival_conway, layout_basic
D:2:      layout_basic
D:3:      layout_rooms

Notes
Turn   | Place    | Note
-------+----------+-------------------------------------------
     0 | D:1      | Sanktem7 the Minotaur Fighter began the quest for the Orb.
     0 | D:1      | Reached XP level 1. HP: 19/19 MP: 0/0
     0 | D:1      | magus.rc [v1.9.6]
    86 | D:1      | Reached XP level 2. HP: 25/27 MP: 1/1
   167 | D:1      | Reached skill level 3 in Axes
   287 | D:1      | Reached XP level 3. HP: 28/33 MP: 2/2
   647 | D:1      | Reached skill level 4 in Shields
  1067 | D:2      | Reached skill level 4 in Armour
  1068 | D:2      | Reached skill level 4 in Fighting
  1199 | D:2      | You pick up a book of the Senses and begin reading...
  1199 | D:2      | You add the spells Dazzling Flash, Agony and Silence to
                  | your library.
  1505 | D:2      | Reached skill level 1 in Throwing
  1523 | D:2      | Reached XP level 4. HP: 37/40 MP: 3/3
  1742 | D:3      | HP: 6/40 [orc priest/divine providence (13)]
  1747 | D:3      | Killed from afar by an orc priest

Vanquished Creatures
  3 adders
  2 dart slugs (D:2)
  2 orcs (D:3)
  10 bats
  6 endoplasms
  2 giant cockroaches (D:2)
  A hobgoblin (D:1)
  7 jackals (D:1)
  A quokka (D:2)
  3 ball pythons
  2 frilled lizards (D:1)
  5 goblins
  5 kobolds
  8 rats
57 creatures vanquished.

Table legend:
 A = Non-vault XP
 B = Vault XP
 C = Vault XP percentage of total XP
 D = Non-vault monster count
 E = Vault monster count
 F = Vault count percentage of total count
                 A         B        C        D         E       F
            +---------+---------+-------+---------+---------+-------
      Total |     132 |       0 |   0.0 |      57 |       0 |   0.0
            +---------+---------+-------+---------+---------+-------
        D:1 |      60 |       0 |   0.0 |      38 |       0 |   0.0
        D:2 |      51 |       0 |   0.0 |      15 |       0 |   0.0
        D:3 |      21 |       0 |   0.0 |       4 |       0 |   0.0
            +---------+---------+-------+---------+---------+-------

Skill      XL: |  1  2  3 |
---------------+----------+-----
Axes           | 3 |  3.9
Shields        | 4 |  4.2
Armour         | 4 |  4.2
Fighting       | 4 |  4.1
Throwing       | 1 |  1.1

Action                     |  1- 3 |  4- 6 || total
---------------------------+-------+-------++-------
  Melee: War axe           |   100 |    16 ||   116
         Headbutt          |     9 |       ||     9
 Armour: Scale mail        |    55 |       ||    55
         Chain mail        |     5 |     7 ||    12
  Dodge: Dodged            |    48 |     9 ||    57
  Block: Buckler           |    25 |     4 ||    29

Illustrated notes

Table legend:
 A = Kills in this place as a percentage of kills in the entire game.
 B = Kills by you in this place as a percentage of kills by you in the entire game.
 C = Kills by friends in this place as a percentage of kills by friends in the entire game.
 D = Other kills in this place as a percentage of other kills in the entire game.
 E = Experience gained in this place as a percentage of experience gained in the entire game.
 F = Experience gained in this place divided by the number of levels of this place that you have seen.
                   A       B       C       D       E      F
               +-------+-------+-------+-------+-------+----------------------
         Total | 100.0 | 100.0 |   N/A |   N/A | 100.0 |  44.0
       Dungeon | 100.0 | 100.0 |   N/A |   N/A | 100.0 |  44.0
               +-------+-------+-------+-------+-------+----------------------

Table legend: (Time is in decaauts)
 A = Elapsed time spent in this place.
 B = Non-inter-level travel time spent in this place.
 C = Inter-level travel time spent in this place.
 D = Time resting spent in this place.
 E = Time spent auto-exploring this place.
 F = Levels seen in this place.
 G = Mean time per level.
                   A        B        C        D        E       F      G
               +--------+--------+--------+--------+--------+-----+--------+
         Total |   1792 |   1738 |     54 |      0 |   1404 |   3 |  597.3 |
       Dungeon |   1792 |   1738 |     54 |      0 |   1404 |   3 |  597.3 |
               +--------+--------+--------+--------+--------+-----+--------+

Top non-repeatable levels by time:
     D:1: 1053 daAuts
     D:2: 660 daAuts
     D:3: 78 daAuts
